 Dungeon Crawl Stone Soup version 0.30-a0-325-gb515db48ae (webtiles) character file.

Game seed: 9133441843687482824

498 Devinter the Sneak (level 7, -5/60 HPs)
             Began as a Naga Warper on Oct 28, 2022.
             Shot with an arrow by a centaur (9 damage)
             ... on level 5 of the Dungeon.
             The game lasted 00:23:31 (3660 turns).

Devinter the Sneak (Naga Warper)                    Turns: 3660, Time: 00:23:32

Health: -5/60      AC:  3    Str: 19    XL:     7   Next: 16%
Magic:  6/12       EV:  9    Int: 14    God:
Gold:   262        SH:  0    Dex: 12    Spells: 8/13 levels left

rFire   . . .      SeeInvis +    q - +2 whip (elec)
rCold   . . .      Faith    .    (no shield)
rNeg    . . .      Spirit   .    b - +0 leather armour
rPois   +          Reflect  .    (no helmet)
rElec   .          Harm     .    (no cloak)
rCorr   .          Rampage  .    (no gloves)
Will    .....                    (no barding)
Stlth   +++.......               (no amulet)
HPRegen 0.30/turn                m - +6 ring of strength
MPRegen 0.13/turn                (no ring)

@: very slightly contaminated, very slow
A: AC +2, large, see invisible, deformed body, poison resistance, slowness 2,
spit poison 1, naga tail 1
a: Spit Poison


You were on level 5 of the Dungeon.
You visited 1 branch of the dungeon, and saw 5 of its levels.

You collected 262 gold pieces.

Inventory:

Hand Weapons
 a - a +0 spear
 q - a +2 whip of electrocution (weapon)
 C - a +4 dagger of protection
Missiles
 d - 2 boomerangs of dispersal (quivered)
 g - 45 stones
 u - a throwing net
Armour
 b - a +0 leather armour (worn)
Jewellery
 m - a +6 ring of strength (left hand)
 y - a ring of willpower
Wands
 z - a wand of flame (8)
Scrolls
 c - a scroll of blinking
 e - 6 scrolls of identify {unknown}
 j - 2 scrolls of silence {unknown}
 o - 3 scrolls of torment {unknown}
 p - 3 scrolls of noise {unknown}
 s - a scroll of teleportation {unknown}
 x - a scroll of butterflies {unknown}
 B - 2 scrolls of magic mapping {unknown}
Potions
 f - 4 potions of curing
 h - 2 potions of brilliance {unknown}
 i - 2 potions of ambrosia {unknown}
 k - 3 potions of cancellation {unknown}
 l - a potion of flight {unknown}
 n - 2 potions of mutation {unknown}
 r - a potion of might {unknown}
 t - a potion of haste {unknown}
 v - a potion of heal wounds {unknown}
 w - 2 potions of degeneration {unknown}
 A - a potion of attraction {unknown}


   Skills:
 - Level 2.0 Fighting
 + Level 4.1 Polearms
 - Level 1.0 Throwing
 - Level 1.0 Armour
 - Level 2.0 Dodging
 - Level 5.0 Stealth
 + Level 3.9 Spellcasting
 - Level 3.0 Translocations
 + Level 3.0 Air Magic


You had 8 spell levels left.
You knew the following spells:

 Your Spells              Type           Power      Damage    Failure   Level
a - Blink                 Tloc           22%        N/A       11%         2
b - Vhi's Electric Charg  Tloc/Air       22%        N/A       21%         3

Your spell library contained the following spells:

 Spells                   Type           Power      Damage    Failure   Level
 Lesser Beckoning         Tloc           22%        N/A       21%         3
 Teleport Other           Tloc           11%        N/A       21%         3
 Dazzling Flash           Conj/Hex       4%         N/A       56%         3
 Manifold Assault         Tloc           11%        N/A       56%         4
 Iskenderun's Mystic Bla  Conj/Tloc      6%         2d4       77%         4
 Starburst                Conj/Fire      1%         6d3       100%        6


Dungeon Overview and Level Annotations

Branches:
Dungeon (5/15)
 Temple: D:4-7

Altars:
Dithmenos
Qazlal


Innate Abilities, Weirdness & Mutations

Your serpentine skin is tough. (AC +2)
You have supernaturally acute eyesight. (SInv)
Armour fits poorly on your strangely shaped body.
Your system is resistant to poisons. (rPois)
You cover ground very slowly.
You can spit poison.
You have a snake-like lower body.


Message History

You can't see any susceptible monsters within range! (Use Z to cast anyway.)
The centaur shoots an arrow.
The arrow closely misses you.
The centaur shoots an arrow.
The arrow hits you!
An adder comes into view.
Casting: Blink (safe; 11% risk of failure)
Confirm with . or Enter, or press ? or * to list all spells.
You can't see any susceptible monsters within range! (Use Z to cast anyway.)
Casting: Blink (safe; 11% risk of failure)
Confirm with . or Enter, or press ? or * to list all spells.
You miscast Blink.
You are very lightly contaminated with residual magic.
Nothing appears to happen.
Casting: Blink (safe; 11% risk of failure)
Confirm with . or Enter, or press ? or * to list all spells.
You blink.
The centaur shoots an arrow.
The arrow hits you!
Aiming: Throw Flame
Press: ? - help, Shift-Dir - straight line, f - centaur
Aim: a centaur, wielding a +0 shortbow (81% to hit)
The puff of flame misses the centaur.
The centaur shoots an arrow.
The arrow hits you!
* * * LOW HITPOINT WARNING * * *
Casting: Blink (safe; 11% risk of failure)
Confirm with . or Enter, or press ? or * to list all spells.
You can't see any susceptible monsters within range! (Use Z to cast anyway.)
The centaur shoots an arrow.
The arrow hits you!
* * * LOW HITPOINT WARNING * * *
The centaur shoots an arrow.
The arrow closely misses you.
Casting: Blink (safe; 11% risk of failure)
Confirm with . or Enter, or press ? or * to list all spells.
Charge where?
Press: ? - help, Dir - move target, f - adder, p - centaur
Aim: an adder You charge forward with an electric crackle!
You barely miss the adder.
You feel stable enough to blink again. The adder bites you.
* * * LOW HITPOINT WARNING * * *
The centaur shoots an arrow.
The arrow hits you!
You die...

...........###...............
....##..###...............
....#...##...............
#........#..............#
#..................##..
##................. ###
.#####..(.............##..
...........○○.............
#.#....c.@○...............
#.....S##...........##..
#.......####.####.#. #..
#........ ..# .##..#### . ..#
#........... ... .......
.##.# ..#......... ......
####### ....##..##.........
.....# #.#.
................... ....
##... .......##...... #...
##..###...#


You could see a centaur and an adder.

Vanquished Creatures
  A phantom (D:3)
  A howler monkey (D:4)
  2 hounds
  An orc priest (D:5)
  3 iguanas
  2 orc wizards
  7 adders
  An ufetubus (D:5)
  3 worms
  2 dart slugs
  10 orcs
  4 ball pythons
  6 endoplasms
  2 giant cockroaches
  8 goblins
  4 hobgoblins
  5 quokkas
  8 bats
  3 frilled lizards
  8 kobolds
  6 rats
87 creatures vanquished.

Notes
Turn   | Place    | Note
-------+----------+-------------------------------------------
     0 | D:1      | Devinter the Naga Warper began the quest for the Orb.
     0 | D:1      | Reached XP level 1. HP: 19/19 MP: 3/3
   101 | D:1      | Reached skill level 1 in Throwing
   179 | D:1      | Reached skill level 1 in Stealth
   179 | D:1      | Reached XP level 2. HP: 26/26 MP: 5/5
   182 | D:1      | Reached skill level 1 in Armour
   629 | D:1      | Reached XP level 3. HP: 31/32 MP: 6/6
   667 | D:2      | Reached skill level 2 in Dodging
   667 | D:2      | Reached skill level 2 in Stealth
   952 | D:2      | Learned a level 2 spell: Blink
   956 | D:2      | Learned a level 3 spell: Vhi's Electric Charge
   988 | D:2      | Reached XP level 4. HP: 39/39 MP: 7/7
  1266 | D:3      | Noticed a phantom
  1273 | D:3      | Killed a phantom
  1274 | D:3      | Reached skill level 3 in Polearms
  1274 | D:3      | Reached skill level 3 in Stealth
  1274 | D:3      | Reached skill level 3 in Spellcasting
  1274 | D:3      | Reached skill level 1 in Air Magic
  1274 | D:3      | Reached XP level 5. HP: 36/45 MP: 9/9
  1561 | D:3      | Reached skill level 4 in Stealth
  1756 | D:3      | Found a stormy altar of Qazlal.
  1875 | D:4      | HP: 2/45 [iguana (13)]
  1882 | D:4      | Reached XP level 6. HP: 17/52 MP: 7/10
  2040 | D:4      | Reached skill level 2 in Air Magic
  2622 | D:4      | Found a shadowy altar of Dithmenos.
  2719 | D:4      | Reached skill level 5 in Stealth
  2871 | D:5      | Entered Level 5 of the Dungeon
  3009 | D:5      | Reached skill level 4 in Polearms
  3009 | D:5      | Reached XP level 7. HP: 8/60 MP: 12/12
  3534 | D:5      | Reached skill level 3 in Air Magic
  3659 | D:5      | HP: 6/60 [centaur/arrow (12)]
  3660 | D:5      | Shot with an arrow by a centaur

Illustrated notes

Levels and vault maps discovered:
D:1:      lightli_arrival_statuegarden, layout_basic, minmay_circled_x
D:2:      layout_rooms, dk_noncrumbling_2, hangedman_decor_lopped
D:3:      layout_rooms, nicolae_qazlal_general_emergency
D:4:      layout_layer_cave, nicolae_dithmenos_through_a_glass_darkly
D:5:      layout_cave_pools

Skill      XL: |  1  2  3  4  5  6  7 |
---------------+----------------------+-----
Throwing       | 1 |  1.0
Stealth        | 1 2 3 4 5 |  5.0
Armour         | 1 |  1.0
Dodging        | 2 |  2.0
Polearms       | 3 4 |  4.1
Spellcasting   | 3 |  3.9
Air Magic      | 1 2 3 |  3.0
Fighting       | |  2.0
Translocations | |  3.0

Action                   |  1- 3 |  4- 6 |  7- 9 || total
-------------------------+-------+-------+-------++-------
Melee: Spear             |    74 |       |       ||    74
       Punch             |     1 |     1 |     1 ||     3
       Whip              |    11 |   125 |    29 ||   165
Throw: Boomerang         |       |     5 |       ||     5
 Cast: Blink             |       |     3 |     1 ||     4
       Vhi's Electric Ch |       |       |     1 ||     1
 Abil: Spit Poison       |    10 |    20 |     4 ||    34
Evoke: Wand              |       |       |     1 ||     1
  Use: Potion            |       |     1 |       ||     1
 Stab: Sleeping          |       |     6 |       ||     6
Armor: Leather armour    |    21 |    20 |     8 ||    49
Dodge: Dodged            |    30 |    68 |    18 ||   116

Table legend: (Time is in decaauts)
 A = Elapsed time spent in this place.
 B = Non-inter-level travel time spent in this place.
 C = Inter-level travel time spent in this place.
 D = Time resting spent in this place.
 E = Time spent auto-exploring this place.
 F = Levels seen in this place.
 G = Mean time per level.
                   A        B        C        D        E       F      G
               +--------+--------+--------+--------+--------+-----+--------+
         Total |   4580 |   4463 |    117 |    952 |    747 |   5 |  916.0 |
       Dungeon |   4580 |   4463 |    117 |    952 |    747 |   5 |  916.0 |
               +--------+--------+--------+--------+--------+-----+--------+

Top non-repeatable levels by time:
     D:4: 1339 daAuts
     D:5: 884 daAuts
     D:1: 862 daAuts
     D:3: 758 daAuts
     D:2: 735 daAuts
